 Dungeon Crawl Stone Soup version 0.20-a0-555-gf6ae02d (webtiles) character file.

488 Lahna the Vandal (level 7, -1/47 HPs)
             Began as a Halfling Hunter on Feb 4, 2017.
             Slain by an adder zombie (3 damage)
             ... on level 6 of the Dungeon.
             The game lasted 00:09:53 (4756 turns).

Lahna the Vandal (Halfling Hunter)                  Turns: 4756, Time: 00:09:53

Health: -1/47      AC:  6    Str: 13    XL:     7   Next: 36%
Magic:  16/16      EV: 13    Int:  9    God:
Gold:   143        SH:  0    Dex: 17    Spells: 6/6 levels left

rFire    . . .     SeeInvis .   a - +0 dagger (speed)
rCold    . . .     Gourm    .   s - +0 scale mail
rNeg     . . .     Faith    .   (shield restricted)
rPois    .         Spirit   .   (no helmet)
rElec    .         Reflect  .   (no cloak)
rCorr    .         Harm     .   (no gloves)
MR       .....                  (no boots)
Stlth    ..........             (no amulet)
Regen    0.2/turn               (no ring)
                                e - ring of magical power

@: drained
A: mutation resistance 1
a: no special abilities


You were on level 6 of the Dungeon.
You were hungry.

You visited 1 branch of the dungeon, and saw 4 of its levels.

You collected 143 gold pieces.

Inventory:

Hand Weapons
 a - a +0 dagger of speed (weapon)
 b - a +1 hunting sling
Missiles
 d - 12 sling bullets
 g - 54 stones (quivered)
Armour
 s - a +0 scale mail (worn)
Jewellery
 e - a ring of magical power (left hand)
 t - an uncursed ring of stealth {unknown}
Scrolls
 c - 4 scrolls of remove curse {unknown}
 h - a scroll of enchant armour {unknown}
 i - 2 scrolls of teleportation {unknown}
 j - 3 scrolls of amnesia {unknown}
 k - 2 scrolls of fog {unknown}
 p - a scroll of blinking {unknown}
 q - 2 scrolls of enchant weapon {unknown}
 r - a scroll of immolation {unknown}
Potions
 l - 2 potions of lignification {unknown}
 n - a potion of mutation {unknown}
 u - a potion of invisibility {unknown}
 v - a potion of flight {unknown}
 x - a potion of cure mutation {unknown}
Comestibles
 f - 3 bread rations
 m - a royal jelly
 o - 2 meat rations


   Skills:
 + Level 3.9(3.6) Fighting
 + Level 4.1(3.9) Short Blades
 - Level 6.8(6.6) Slings
 + Level 3.4(3.2) Armour
 + Level 3.3(3.1) Dodging
 - Level 1.1(0.9) Stealth


You had 6 spell levels left.
You didn't know any spells.

Dungeon Overview and Level Annotations

Branches:
Dungeon (6/15)
 Temple: D:4-7

Altars:
Dithmenos
Makhleb
Xom


Innate Abilities, Weirdness & Mutations

You are small and have problems with some larger weapons.
You are somewhat resistant to further mutation.


Message History

The adder zombie is lightly damaged.
The adder zombie misses you.
You hit the adder zombie.
The adder zombie is lightly damaged.
The adder zombie bites you but does no damage.
You hit the adder zombie.
The adder zombie is moderately damaged.
You hit the adder zombie.
The adder zombie is heavily damaged.
The adder zombie closely misses you.
You barely miss the adder zombie.
The adder zombie is heavily damaged.
The adder zombie bites you.
* * * LOW HITPOINT WARNING * * *
You hit the adder zombie.
The adder zombie is severely damaged.
You hit the adder zombie.
The adder zombie is almost destroyed.
The adder zombie bites you.
You die...

######.....#####
####### #.....#
#.....# #.....#
#.....# #.#####
#.# #.# ## #@#
.. #Z# .. #.#
#a# ..
#....##S#### ..
#...5...# ##
#...>...#
#.......#
.........#
≈≈≈≈≈..(....#


You could see a worker ant, a crimson imp, an adder and an adder zombie.

Vanquished Creatures
  The ghost of M4edhros the Sneak, an amateur OpAr of Gozag (D:3)
  A wight (D:6)
  A hound (D:2)
  An orc wizard (D:3)
  A worker ant (D:6)
  8 adders
  10 gnolls
  2 shadow imps (D:6)
  3 dart slugs (D:1)
  3 leopard geckos (D:3)
  13 orcs (D:3)
  A ball python (D:1)
  4 bats
  6 giant cockroaches
  11 hobgoblins
  3 jackals (D:3)
  10 kobolds
  A quokka (D:3)
  5 frilled lizards
  8 goblins
  8 rats
101 creatures vanquished.

Vanquished Creatures (others)
  A bullfrog (D:6)
1 creature vanquished.

Grand Total: 102 creatures vanquished

Notes
Turn   | Place    | Note
-------+----------+-------------------------------------------
     0 | D:1      | Lahna the Halfling Hunter began the quest for the Orb.
     0 | D:1      | Reached XP level 1. HP: 14/14 MP: 1/1
    30 | D:1      | Reached skill level 6 in Slings
    35 | D:1      | Reached XP level 2. HP: 15/19 MP: 2/2
   223 | D:1      | Reached skill level 1 in Short Blades
   385 | D:1      | Reached XP level 3. HP: 12/24 MP: 3/3
  1233 | D:2      | Reached XP level 4. HP: 25/30 MP: 4/4
  1906 | D:2      | Found a burning altar of Makhleb.
  1916 | D:2      | Reached XP level 5. HP: 33/36 MP: 5/5
  2021 | D:3      | Reached skill level 1 in Armour
  2668 | D:3      | Noticed M4edhros's ghost (amateur OpAr)
  2687 | D:3      | Killed M4edhros's ghost
  2687 | D:3      | Reached XP level 6. HP: 24/42 MP: 6/6
  3881 | D:3      | Reached XP level 7. HP: 34/47 MP: 7/7
  4181 | D:3      | Found a shadowy altar of Dithmenos.
  4444 | D:3      | You fall through a shaft for 3 floors!
  4666 | D:6      | Found a shimmering altar of Xom.
  4754 | D:6      | HP: 2/47 [adder zombie (2)]
  4756 | D:6      | Slain by an adder zombie

Vault maps used:
D:1:      lemuel_arrival_rhombus, serial_glass, glass_columns_a,
          glass_columns_c, glass_columns_c, glass_columns_a, glass_columns_a,
          glass_columns_c, glass_columns_b, glass_columns_a,
          minmay_tiny_reverse_x
D:2:      makhleb_blood_cavern_becter
D:3:      first_bread, nicolae_dithmenos_through_a_glass_darkly
D:6:      xom_confusion_cloud, uniq_prince_ribbit1

Skill      XL: |  1  2  3  4  5  6  7 |
---------------+----------------------+-----
Slings         | 6 |  6.8
Fighting       | 2 3 |  3.9
Short Blades   | 1 2 3 4 |  4.1
Armour         | 2 3 |  3.4
Dodging        | 3 |  3.3
Stealth        | |  1.1

Action                   |  1- 3 |  4- 6 |  7- 9 || total
-------------------------+-------+-------+-------++-------
Melee: Short sword       |   110 |    18 |       ||   128
       Dagger            |       |   338 |   180 ||   518
 Fire: Hunting sling     |    18 |    34 |    15 ||    67
Throw: Stone             |       |     1 |       ||     1
  Use: Potion            |       |     2 |       ||     2
 Stab: Sleeping          |     1 |       |       ||     1
  Eat: Chunk             |     1 |     9 |     2 ||    12
Armor: Leather armour    |    28 |     2 |       ||    30
       Scale mail        |       |    61 |    23 ||    84
Dodge: Dodged            |    84 |   145 |    61 ||   290
